 Dungeon Crawl Stone Soup version 0.18-a0-1745-gffa9a88 (webtiles) character file.

81 dobroeutro the Shield-Bearer (level 4, 0/29 HPs)
             Began as a Gargoyle Fighter on Apr 11, 2016.
             Slain by a goblin (2 damage)
             ... led by Robin
             ... on level 2 of the Dungeon.
             The game lasted 00:02:20 (909 turns).

dobroeutro the Shield-Bearer (Gargoyle Fighter)      Turns: 909, Time: 00:02:21

Health: 0/29       AC: 10    Str: 20    XL:     4   Next: 40%
Magic:  4/4        EV:  7    Int:  9    God:
Gold:   89         SH:  9    Dex:  9    Spells: 0 memorised, 3 levels left

rFire  . . .     SeeInvis .     l - +0 whip (venom)
rCold  . . .     Gourm    .     b - +0 scale mail
rNeg   + . .     Faith    .     c - +0 shield
rPois  ∞         Spirit   .     (no helmet)
rElec  +         Dismiss  .     (no cloak)
rCorr  .         Reflect  .     (no gloves)
SustAt .         Harm     .     (no boots)
MR     .....                    (no amulet)
Stlth  ..........               (no ring)
                                (no ring)

@: not resistant to hostile enchantments, extremely unstealthy
A: negative energy resistance 1, electricity resistance, unbreathing,
petrification resistance, rot immunity, AC +3
a: no special abilities


You were on level 2 of the Dungeon.
You were not hungry.

You visited 1 branch of the dungeon, and saw 2 of its levels.

You collected 89 gold pieces.

Inventory:

Hand Weapons
 a - a +1 flail
 l - a +0 whip of venom (weapon)
Armour
 b - a +0 scale mail (worn)
 c - a +0 shield (worn)
Wands
 n - a wand of flame (21/48)
Scrolls
 e - a scroll of remove curse
 j - a scroll of identify {unknown}
Potions
 d - 2 potions of might
 g - a potion of agility {unknown}
 h - a potion of degeneration {unknown}
 i - a potion of invisibility {unknown}
 m - a potion of flight {unknown}
Comestibles
 f - a bread ration
 k - a meat ration
 o - 6 chunks of flesh


   Skills:
 + Level 3.8 Fighting
 + Level 2.5 Maces & Flails
 + Level 4.0 Armour
 + Level 4.2 Shields


You had 3 spell levels left.
You didn't know any spells.

Dungeon Overview and Level Annotations

Branches:
Dungeon (2/15)

Altars:

Annotations:
D:2 Robin


Innate Abilities, Weirdness & Mutations

You are resistant to torment.
Your stone body is resilient (AC +3).
You are immune to poison.
You resist negative energy.
You are resistant to electric shocks.
You can survive without breathing.
You are immune to petrification.
You are immune to rotting.


Message History

You are too injured to fight recklessly!
You are too injured to fight recklessly!
You are too injured to fight recklessly!
You are too injured to fight recklessly!
You are too injured to fight recklessly!
You are too injured to fight recklessly!
You are too injured to fight recklessly!
You are too injured to fight recklessly!
You are too injured to fight recklessly!
You are too injured to fight recklessly!
You are too injured to fight recklessly!
You hit the hobgoblin.
The hobgoblin is heavily wounded.
The goblin hits you but does no damage. The hobgoblin hits you.
* * * LOW HITPOINT WARNING * * *
The goblin hits you but does no damage. x2
You closely miss the hobgoblin.
The hobgoblin is heavily wounded.
The goblin hits you.
You die...

.......>...#....####..#
.............#######.#########
..........)............))(...#
..........########....########
..........##.......####
†..........#.#...(.#
#......#.......#####
#.....##....#.g## .
#####.......###g@######...
......##........ggg.....g.
....# #...##.###g........
...(# #. ........##..... ....#
. #.....##... .... ......
...###. ..... .. ....#. .####
# ....... ....#.#.# ........
....#.#.# ........


You could see a hobgoblin and 5 goblins.

Vanquished Creatures
  Ijyb (D:2)
  2 adders
  3 giant cockroaches
  6 goblins
  8 hobgoblins
  9 bats
  2 giant newts (D:1)
  3 kobolds (D:1)
  2 rats
36 creatures vanquished.

Notes
Turn   | Place    | Note
--------------------------------------------------------------
     0 | D:1      | dobroeutro the Gargoyle Fighter began the quest for the Orb.
     0 | D:1      | Reached XP level 1. HP: 14/14 MP: 1/1
   150 | D:1      | Reached XP level 2. HP: 12/19 MP: 2/2
   378 | D:1      | Reached XP level 3. HP: 22/24 MP: 3/3
   831 | D:2      | Noticed Ijyb
   869 | D:2      | Killed Ijyb
   869 | D:2      | Reached XP level 4. HP: 16/29 MP: 4/4
   898 | D:2      | Noticed Robin
   909 | D:2      | Slain by a goblin

Vault maps used:
D:1:      minmay_arrival_diagonal_passages
D:2:      first_bread, uniq_robin, uniq_iyjb

Skill      XL: |  1  2  3 |
---------------+----------+-----
Armour         | 4 |  4.0
Shields        | 4 |  4.2
Fighting       | |  3.8
Maces & Flails | |  2.5

Action                   |  1- 3 |  4- 6 || total
-------------------------+-------+-------++-------
Melee: Flail             |    56 |       ||    56
       Whip              |    62 |    19 ||    81
  Use: Scroll            |     3 |       ||     3
